 Dungeon Crawl Stone Soup version 0.22.0-21-g8bd1b0a (webtiles) character file.

754 dysrexia the Skirmisher (level 7, -1/60 HPs)
             Began as a Gnoll Abyssal Knight on Aug 19, 2018.
             Was a Priest of Lugonu.
             Slain by Menkaure (18 damage)
             ... on level 5 of the Dungeon.
             The game lasted 00:14:22 (4233 turns).

dysrexia the Skirmisher (Gnoll Abyssal Knight)      Turns: 4233, Time: 00:14:23

Health: -1/60      AC:  9    Str: 19 (20) XL:     7   Next: 79%
Magic:  11/11      EV:  9    Int: 13 (15) God:    Lugonu [***...]
Gold:   146        SH:  0    Dex: 15      Spells: 11/11 levels left

rFire    . . .     SeeInvis .   a - +2 mace
rCold    . . .     Gourm    .   (no shield)
rNeg     . . .     Faith    .   g - +0 chain mail
rPois    .         Spirit   .   (no helmet)
rElec    .         Reflect  .   q - +0 cloak
rCorr    .         Harm     .   (no gloves)
MR       .....                  (no boots)
Stlth    ..........             (no amulet)
HPRegen  0.20/turn              (no ring)
MPRegen  0.12/turn              (no ring)

@: mighty
A: distributed training, fangs 1, thin metallic scales 1, blurry vision 1,
deformed body, MP-powered wands, strong nose
a: Depart the Abyss, Bend Space, Banish, Renounce Religion


You were on level 5 of the Dungeon.
You worshipped Lugonu.
Lugonu was most pleased with you.
You were hungry.

You visited 1 branch of the dungeon, and saw 5 of its levels.
You visited the Abyss 1 time.
You also visited: Sewer.

You collected 196 gold pieces.
You spent 50 gold pieces at shops.

Inventory:

Hand Weapons
 a - a +2 mace (weapon)
 e - a cursed -2 blowgun
 p - a +0 mace of draining
Missiles
 f - 15 poisoned needles
Armour
 g - a +0 chain mail (worn)
 j - a +3 leather armour of cold resistance
 q - a +0 cloak (worn)
Jewellery
 s - an uncursed ring of poison resistance {unknown}
Wands
 r - a wand of random effects (28)
Scrolls
 i - 2 scrolls of amnesia
 k - 3 scrolls of teleportation
 l - 3 scrolls of enchant armour
 n - a scroll of magic mapping {unknown}
 x - 2 scrolls of enchant weapon
 y - 3 scrolls of fear {unknown}
Potions
 m - 2 potions of agility
 o - a potion of curing
 t - 3 potions of haste
 u - 2 potions of might
 v - a potion of brilliance {unknown}
 w - a potion of magic
 z - a potion of berserk rage {unknown}
 A - a potion of resistance {unknown}
Comestibles
 c - 9 rations


   Skills:
 + Level 7.1 Fighting
 + Level 2.6 Short Blades
 + Level 2.6 Long Blades
 + Level 2.6 Axes
 + Level 5.3 Maces & Flails
 + Level 2.6 Polearms
 + Level 2.6 Staves
 + Level 2.6 Slings
 + Level 2.6 Bows
 + Level 2.6 Crossbows
 + Level 2.6 Throwing
 + Level 5.3 Armour
 + Level 3.7 Dodging
 + Level 2.6 Stealth
 + Level 2.6 Shields
 + Level 2.6 Unarmed Combat
 + Level 2.6 Spellcasting
 + Level 2.1 Conjurations
 + Level 2.1 Hexes
 + Level 2.1 Charms
 + Level 2.1 Summonings
 + Level 2.1 Necromancy
 + Level 2.1 Translocations
 + Level 2.1 Transmutations
 + Level 2.1 Fire Magic
 + Level 2.1 Ice Magic
 + Level 2.1 Air Magic
 + Level 2.1 Earth Magic
 + Level 2.1 Poison Magic
 + Level 5.5 Invocations
 + Level 2.6 Evocations


You had 11 spell levels left.
You didn't know any spells.
Your spell library was empty.

Dungeon Overview and Level Annotations

Branches:
Dungeon (5/15)             Temple (0/1) D:4

Altars:
Ashenzari
Ru
Trog
Xom

Shops:
D:4 *

Annotations:
D:2 Natasha
D:5 Menkaure
Abyss:1 Edmund


Innate Abilities, Weirdness & Mutations

Your experience applies equally to all skills.
You have very sharp teeth.
Your uncanny sense of smell can sniff out nearby items.
You are partially covered in thin metallic scales. (AC +2)
Scrolls take you a little longer to read.
Armour fits poorly on your strangely shaped body.
You expend magic power (3 MP) to strengthen your wands.


Message History

You kill the ice beast!
Lugonu accepts your kill.
You feel your strength returning. Menkaure barely misses you.
You sock Menkaure!
Menkaure is moderately damaged.
Menkaure closely misses you.
Your chain mail prevents you from hitting Menkaure.
Menkaure is moderately damaged.
Menkaure barely misses you.
You hit Menkaure.
Menkaure is severely damaged.
Menkaure closely misses you.
Menkaure calls on the powers of darkness!
Your body is wracked with pain!
* * * LOW HITPOINT WARNING * * *
You hit Menkaure.
Menkaure is almost destroyed.
Menkaure hits you!!
You die...

#####....####### #.# ∆
#...........##.####
######.................#
.......................#
#######................#
######................#
#........#########.########
#.#####...########........#
#.##........@M...#........#
#.##.##...######.#........#
#.# #...# #.#........#
#####.## #...# #.#........#
|......# #.>.#
#.....5{...##. ########
.... ##.#.###Y.....> .....
#..#...#....### ......
........#..5.###
..###.....###.Y..


You could see Menkaure.

Vanquished Creatures
  A sky beast (D:5)
  Purgy (Sewer)
  An ice beast (D:5)
  Blork the orc (D:4)
  A scorpion (D:4)
  A hound (D:4)
  Crazy Yiuf (D:2)
  Natasha (twice) (D:2)
  Robin (D:1)
  9 adders
  A shadow imp (D:5)
  2 adder skeletons (D:4)
  3 worms
  A dart slug (D:1)
  4 leopard geckos
  2 orcs
  9 bats
  3 giant cockroaches
  15 goblins
  12 hobgoblins
  7 jackals
  3 quokkas
  6 ball pythons
  7 frilled lizards
  12 kobolds
  A quokka skeleton (D:4)
  9 rats
116 creatures vanquished.

Notes
Turn   | Place    | Note
-------+----------+-------------------------------------------
     0 | Abyss:1  | dysrexia the Gnoll Abyssal Knight began the quest for the Orb.
     0 | Abyss:1  | Reached XP level 1. HP: 23/23 MP: 3/3
    28 | Abyss:1  | Noticed a starcursed mass
    35 | Abyss:1  | Noticed a raiju
    37 | D:1      | Escaped the Abyss
   108 | D:1      | Reached * piety under Lugonu
   123 | D:1      | Reached XP level 2. HP: 25/29 MP: 5/5
   498 | D:1      | Reached XP level 3. HP: 32/35 MP: 6/6
   891 | D:2      | Noticed Robin
   969 | D:1      | Killed Robin
   969 | D:1      | Reached skill level 1 in Short Blades
   969 | D:1      | Reached skill level 1 in Long Blades
   969 | D:1      | Reached skill level 1 in Axes
   969 | D:1      | Reached skill level 1 in Polearms
   969 | D:1      | Reached skill level 1 in Staves
   969 | D:1      | Reached skill level 1 in Slings
   969 | D:1      | Reached skill level 1 in Bows
   969 | D:1      | Reached skill level 1 in Crossbows
   969 | D:1      | Reached skill level 1 in Throwing
   969 | D:1      | Reached skill level 1 in Stealth
   969 | D:1      | Reached skill level 1 in Shields
   969 | D:1      | Reached skill level 1 in Unarmed Combat
   969 | D:1      | Reached skill level 1 in Spellcasting
   969 | D:1      | Reached skill level 1 in Evocations
   970 | D:1      | Reached XP level 4. HP: 27/41 MP: 7/7
   979 | D:2      | Reached ** piety under Lugonu
  1236 | D:2      | Reached skill level 1 in Conjurations
  1236 | D:2      | Reached skill level 1 in Hexes
  1236 | D:2      | Reached skill level 1 in Charms
  1236 | D:2      | Reached skill level 1 in Summonings
  1236 | D:2      | Reached skill level 1 in Necromancy
  1236 | D:2      | Reached skill level 1 in Translocations
  1236 | D:2      | Reached skill level 1 in Transmutations
  1236 | D:2      | Reached skill level 1 in Fire Magic
  1236 | D:2      | Reached skill level 1 in Ice Magic
  1236 | D:2      | Reached skill level 1 in Air Magic
  1236 | D:2      | Reached skill level 1 in Earth Magic
  1236 | D:2      | Reached skill level 1 in Poison Magic
  1312 | D:2      | Reached XP level 5. HP: 40/47 MP: 8/8
  1359 | D:2      | Noticed Natasha
  1370 | D:2      | Killed Natasha
  1659 | D:2      | Noticed Natasha
  1664 | D:2      | Killed Natasha
  1746 | D:2      | Found a runed door.
  1751 | D:2      | Noticed Crazy Yiuf
  1755 | D:2      | Killed Crazy Yiuf
  1755 | D:2      | Reached skill level 5 in Invocations
  1755 | D:2      | Reached XP level 6. HP: 43/53 MP: 9/9
  1920 | D:2      | Found a sacrificial altar of Ru.
  2008 | D:2      | Noticed Natasha
  2021 | D:2      | Gained mutation: Scrolls take you a little longer to read. [potion of mutation]
  2021 | D:2      | Gained mutation: Armour fits poorly on your strangely shaped body. [potion of mutation]
  2021 | D:2      | Gained mutation: You are partially covered in thin metallic scales. (AC +2) [potion of mutation]
  2021 | D:2      | Gained mutation: You expend magic power (3 MP) to strengthen your wands. [potion of mutation]
  2546 | D:3      | Found a bloodstained altar of Trog.
  2733 | D:3      | Reached *** piety under Lugonu
  3008 | D:4      | Found a shimmering altar of Xom.
  3069 | D:4      | Found a staircase to the Ecumenical Temple.
  3088 | D:4      | Noticed Blork the orc
  3102 | D:4      | Killed Blork the orc
  3102 | D:4      | Reached skill level 5 in Maces & Flails
  3102 | D:4      | Reached skill level 5 in Armour
  3193 | D:4      | Noticed Edmund
  3196 | D:4      | Banished Edmund
  3248 | D:4      | Reached XP level 7. HP: 37/59 MP: 10/10
  3381 | D:4      | Found a glowing drain.
  3422 | Sewer    | Entered a sewer
  3500 | Sewer    | Noticed Purgy
  3521 | Sewer    | Killed Purgy
  3521 | Sewer    | Reached skill level 7 in Fighting
  3638 | D:4      | Found Ethush's Assorted Antiques.
  3655 | D:4      | Bought a scroll of identify for 50 gold pieces
  3744 | D:5      | Entered Level 5 of the Dungeon
  4170 | D:5      | Noticed Menkaure
  4181 | D:5      | Found a shattered altar of Ashenzari.
  4233 | D:5      | Slain by Menkaure

Skill      XL: |  1  2  3  4  5  6  7 |
---------------+----------------------+-----
Short Blades   | 1 2 |  2.6
Long Blades    | 1 2 |  2.6
Axes           | 1 2 |  2.6
Polearms       | 1 2 |  2.6
Staves         | 1 2 |  2.6
Slings         | 1 2 |  2.6
Bows           | 1 2 |  2.6
Crossbows      | 1 2 |  2.6
Throwing       | 1 2 |  2.6
Stealth        | 1 2 |  2.6
Shields        | 1 2 |  2.6
Unarmed Combat | 1 2 |  2.6
Spellcasting   | 1 2 |  2.6
Evocations     | 1 2 |  2.6
Conjurations   | 1 2 |  2.1
Hexes          | 1 2 |  2.1
Charms         | 1 2 |  2.1
Summonings     | 1 2 |  2.1
Necromancy     | 1 2 |  2.1
Translocations | 1 2 |  2.1
Transmutations | 1 2 |  2.1
Fire Magic     | 1 2 |  2.1
Ice Magic      | 1 2 |  2.1
Air Magic      | 1 2 |  2.1
Earth Magic    | 1 2 |  2.1
Poison Magic   | 1 2 |  2.1
Dodging        | 3 |  3.7
Invocations    | 5 |  5.5
Maces & Flails | 5 |  5.3
Armour         | 5 |  5.3
Fighting       | 7 |  7.1

Action                   |  1- 3 |  4- 6 |  7- 9 || total
-------------------------+-------+-------+-------++-------
Melee: Mace              |   121 |   217 |    92 ||   430
       Bite              |     7 |    21 |    10 ||    38
Invok: Depart the Abyss  |     1 |       |       ||     1
       Bend Space        |       |     2 |       ||     2
       Banish            |       |     1 |       ||     1
Evoke: Wand              |       |     1 |     1 ||     2
  Use: Scroll            |     4 |     5 |     3 ||    12
       Potion            |       |     6 |     2 ||     8
 Stab: Sleeping          |       |     2 |       ||     2
  Eat: Chunk             |       |     8 |     3 ||    11
Armor: Leather armour    |    50 |    26 |       ||    76
       Chain mail        |       |    78 |    63 ||   141
Dodge: Dodged            |   102 |   122 |    34 ||   258
